 Dungeon Crawl Stone Soup version 0.30.1-11-g7821555f0a (webtiles) character file.

Game seed: 6932705521041538733

197 Arctor the Insei (level 5, 0/60 HPs)
             Began as a Draconian Transmuter on Jan 9, 2024.
             Succumbed to a kobold brigand's curare-tipped dart
             ... on level 4 of the Dungeon.
             The game lasted 00:04:22 (3246 turns).

Arctor the Insei (Draconian Transmuter)             Turns: 3246, Time: 00:04:22

Health: 0/60       AC: 22    Str: 16    XL:     5   Next: 46%
Magic:  12/16      EV:  2    Int: 14    God:
Gold:   134        SH:  2    Dex:  9    Spells: 4/8 levels left

rFire   . .          .
                       - Unarmed
rCold   . . .        l - +0 buckler
rNeg    . . .        (body armour unavailable)
rPois   +            (helmet currently unavailable)
rElec   .            (cloak currently unavailable)
rCorr   +            f - melded +0 pair of gloves
SInv    .            (boots currently unavailable)
Will    .....        (no amulet)
Stlth   +            k - ring of magical power
HPRegen 0.30/turn    v - ring of resist corrosion
MPRegen 0.15/turn

%: no passive effects
@: lethally poisoned (0 -> -7), tree-form, very slightly contaminated, slowed,
very slow
A: stationary, stasis, torment immunity, boosted hp, AC +5, unfitting armour,
(cold-blooded), (big wings), clumsy 1, low MP 1, strong 1
a: no special abilities


You were on level 4 of the Dungeon.
You were a tree.
You visited 1 branch of the dungeon, and saw 4 of its levels.

You collected 134 gold pieces.

Inventory:

Missiles
 e - 9 boomerangs
Armour
 f - a +0 pair of gloves (melded)
 l - a +0 buckler (worn)
Jewellery
 k - a ring of magical power (left branch)
 v - a ring of resist corrosion (right branch)
Scrolls
 b - a scroll of identify {unknown}
 c - a scroll of amnesia {unknown}
 d - a scroll of noise {unknown}
 i - a scroll of vulnerability
 o - a scroll of blinking {unknown}
 p - a scroll of teleportation {unknown}
 r - a scroll of silence {unknown}
Potions
 h - 2 potions of mutation
 j - a potion of experience {unknown}
 n - a potion of ambrosia {unknown}
 q - a potion of flight {unknown}
 s - a potion of curing {unknown}
 t - a potion of degeneration {unknown}
 u - a potion of heal wounds {unknown}


   Skills:
 - Level 1.1 Fighting
 - Level 1.8 Dodging
 + Level 4.8 Unarmed Combat
 - Level 2.0 Spellcasting
 + Level 4.2 Transmutations


You had 4 spell levels left.
You knew the following spells:

 Your Spells              Type           Power      Damage    Failure   Level
a - Beastly Appendage     Tmut           26%        N/A       5%          1
b - Spider Form           Tmut/Pois      7%         N/A       36%         3

Your spell library contained the following spells:

 Spells                   Type           Power      Damage    Failure   Level
 Wereblood                Tmut           13%        N/A       9%          2
 Apportation              Tloc           2%         N/A       30%         1
 Freeze                   Ice            4%         1d3       30%         1
 Necrotise                Necr           4%         1d4       30%         1
 Summon Small Mammal      Summ           4%         N/A       30%         1
 Frozen Ramparts          Ice            2%         1d1       67%         3
 Hailstorm                Conj/Ice       1%         3d3       67%         3
 Ice Form                 Ice/Tmut       7%         N/A       78%         4


Dungeon Overview and Level Annotations

Branches:
Dungeon (4/15)
 Temple: D:4-7

Altars:
Dithmenos
Gozag
Vehumet


Innate Abilities, Weirdness & Mutations

You are a tree.
Your roots penetrate the ground, keeping you stationary.
You cannot be teleported.
You are immune to unholy pain and torment.
Your maximum health is greatly increased.
Your equipment is partially melded.
((Your plain brown scales are hard. (AC +5)))
You cannot fit into any form of body armour.
((You are cold-blooded and may be slowed by cold attacks.))
((Your large and strong wings let you fly.))
You are clumsy. (Dex -2)
Your magical capacity is low. (-10% MP)
Your muscles are strong. (Str +4, Int/Dex -1)


Message History

Your headbutt misses the phantom.
Your tail-slap misses the phantom.
The phantom is moderately damaged.
The phantom hits you.
You miss the phantom. You tail-slap the phantom.
The phantom is heavily damaged.
The phantom hits you.
You hit the phantom. Your kick misses the phantom.
You tail-slap the phantom, but do no damage.
The phantom is severely damaged.
You block the phantom's attack.
You closely miss the phantom. You claw the phantom.
Your tail-slap misses the phantom.
The phantom is almost destroyed.
The phantom closely misses you.
You hit the phantom. You claw the phantom.
The phantom is almost destroyed.
The phantom hits you.
The phantom blinks!
You blink.
A kobold brigand comes into view.
It is wielding a +0 short sword and quivering curare-tipped darts.
You closely miss the phantom. Your kick misses the phantom.
Your headbutt misses the phantom.
The phantom is almost destroyed.
The phantom hits you but does no damage.
The kobold brigand throws a curare-tipped dart.
The curare-tipped dart hits you.
You are poisoned.
You have difficulty breathing.
* * * LOW HITPOINT WARNING * * *
You feel yourself slow down.
Really quaff the potion of lignification?
Your horns disappear.
Your talons disappear.
You turn into a tree.
Your +0 pair of gloves melds into your body.
Your roots penetrate the ground.
* * * LOW HITPOINT WARNING * * *
You feel very sick.
The phantom hits you but does no damage. x2
It was a potion of mutation.
You feel extremely strange.
You feel less energetic.
You feel stronger.
You feel clumsy.
Your wings grow larger and stronger.
You die...

#.#.§..§# #§....#§#
###.#####.#
#...##.....# ##.#
#.###.#####
#######.## #........
......§..##.#.#.#####
###########.##.....#
.....K.♣W..........#
###########......###
########


You could see a kobold brigand and a phantom.

Vanquished Creatures
  An ogre (D:4)
  3 gnolls (D:4)
  4 adders
  A worm (D:4)
  2 dart slugs
  5 orcs (D:3)
  5 endoplasms
  5 goblins
  2 hobgoblins (D:3)
  2 ball pythons
  3 bats
  3 frilled lizards
  A kobold (D:3)
  2 rats (D:1)
39 creatures vanquished.

Notes
Turn   | Place    | Note
-------+----------+-------------------------------------------
     0 | D:1      | Arctor the Draconian Transmuter began the quest for the
                  | Orb.
     0 | D:1      | Reached XP level 1. HP: 16/16 MP: 3/3
   336 | D:1      | Reached XP level 2. HP: 23/23 MP: 3/5
  1559 | D:2      | Identified the amulet "Guxaonoss" {-Cast Rampage rF++
                  | Regen+ Str-2}
  1575 | D:2      | Found a faded altar of an unknown god.
  1800 | D:3      | Reached XP level 3. HP: 25/28 MP: 6/6
  1822 | D:3      | Learned a level 3 spell: Spider Form
  2165 | D:3      | Found a radiant altar of Vehumet.
  2176 | D:3      | Found an opulent altar of Gozag.
  2179 | D:3      | Found a shadowy altar of Dithmenos.
  2992 | D:4      | Reached XP level 4. HP: 19/35 MP: 6/7
  3139 | D:4      | Noticed an ogre
  3162 | D:4      | Killed an ogre
  3163 | D:4      | Reached XP level 5. HP: 40/40 MP: 8/8
  3227 | D:4      | Noticed a phantom
  3245 | D:4      | HP: 3/60 [poisoned by a kobold brigand (curare-tipped
                  | dart)]
  3246 | D:4      | Gained mutation: Your magical capacity is low. (-10% MP)
                  | [potion of mutation]
  3246 | D:4      | Gained mutation: Your muscles are strong. (Str +4, Int/Dex
                  | -1) [potion of mutation]
  3246 | D:4      | Gained mutation: You are clumsy. (Dex -2) [potion of
                  | mutation]
  3246 | D:4      | Gained mutation: Your large and strong wings let you fly.
                  | [potion of mutation]
  3246 | D:4      | Succumbed to a kobold brigand's curare-tipped dart

Illustrated notes

Levels and vault maps discovered:
D:1:      dpeg_arrival_oval, layout_basic
D:2:      layout_basic, basic_ecumenical_altar, kennysheep_cross_bottleneck
D:3:      wad_woods_pond, layout_loops_ring, grunt_temple_overflow_diamond
D:4:      layout_loops_ring, mainiacjoe_overflow_tiny_flanked,
          eino_small_chamber_without_monster, uniq_grinder, uniq_ijyb

Skill      XL: |  1  2  3  4 |
---------------+-------------+-----
Transmutations | 3 4 |  4.2
Unarmed Combat | 4 |  4.8
Fighting       | |  1.1
Dodging        | |  1.8
Spellcasting   | |  2.0

Action                     |  1- 3 |  4- 6 || total
---------------------------+-------+-------++-------
  Melee: Unarmed           |    95 |    31 ||   126
         Tailslap          |    13 |     3 ||    16
         Kick              |    17 |     2 ||    19
         Headbutt          |     6 |       ||     6
   Cast: Beastly Appendage |    52 |     2 ||    54
         Spider Form       |     2 |     3 ||     5
    Use: Scroll            |     4 |       ||     4
         Potion            |     1 |     2 ||     3
   Stab: Sleeping          |     1 |       ||     1
 Armour: Skin              |    33 |     4 ||    37
  Dodge: Dodged            |    57 |    26 ||    83
  Block: Buckler           |     4 |     1 ||     5
